 Dungeon Crawl Stone Soup version 0.25.1-8-g42b30a86e7 (webtiles) character file.

Game seed: 9859222469678751170

1116 splitbrain the Cudgeler (level 8, -1/70 HPs)
             Began as a Red Draconian Berserker on Dec 17, 2020.
             Was a Priest of Trog.
             Hit by a boomerang thrown by a gnoll (6 damage)
             ... on level 5 of the Dungeon.
             The game lasted 00:34:22 (4979 turns).

splitbrain the Cudgeler (Red Draconian Berserker)   Turns: 4979, Time: 00:34:23

Health: -1/70      AC:  8    Str: 22    XL:     8   Next: 12%
Magic:  8/8        EV: 14    Int:  7    God:    Trog [***...]
Gold:   215        SH:  0    Dex: 11    Spells: 7/7 levels left

rFire    . . .     SeeInvis .   i - +2 whip (elec)
rCold    + . .     Gourm    .   (no shield)
rNeg     . . .     Faith    .   (armour unavailable)
rPois    +         Spirit   .   (helmet restricted)
rElec    .         Reflect  .   (no cloak)
rCorr    .         Harm     .   (no gloves)
MR       ++...                  g - +1 pair of boots
Stlth    ++........             (no amulet)
HPRegen  1.21/turn              d - ring of poison resistance
MPRegen  0.11/turn              m - ring of ice

@: short of breath, regenerating
A: breathe fire, unfitting armour, antennae 2, hooves 1, fire resistance 1, high
mp 1, evolution 1, cold-blooded, AC +6
a: Breathe Fire, Berserk, Trog's Hand, Renounce Religion


You were on level 5 of the Dungeon.
You worshipped Trog.
Trog was most pleased with you.
You were hungry.

You visited 1 branch of the dungeon, and saw 5 of its levels.

You collected 215 gold pieces.

Inventory:

Hand Weapons
 a - a +2 mace
 i - a +2 whip of electrocution (weapon)
 p - a +2 trident of freezing
Missiles
 q - 51 stones
 r - 5 boomerangs (quivered)
Armour
 g - a +1 pair of boots (worn)
Jewellery
 d - a ring of poison resistance (left hand)
 j - a cursed ring of teleportation
 l - an uncursed ring of stealth
 m - a ring of ice (right hand)
Wands
 n - a wand of random effects (10)
Scrolls
 e - 3 scrolls of identify
 f - 2 scrolls of fog
 o - a scroll of enchant armour
Potions
 c - a potion of cancellation
 k - a potion of stabbing
Comestibles
 b - 8 rations
 h - 6 chunks of flesh


   Skills:
 + Level 5.6 Fighting
 + Level 7.5 Maces & Flails
 + Level 1.3 Throwing
 + Level 4.7 Dodging
 + Level 1.6 Stealth


You had 7 spell levels left.
You didn't know any spells.
Your spell library was empty.

Dungeon Overview and Level Annotations

Branches:
Dungeon (5/15)
 Temple: D:4-7

Altars:
Cheibriados
Fedhas
Hepliaklqana
Okawaru
Ru
Sif Muna
Wu Jian
Yredelemnul

Annotations:
D:4 2 transporters, Skippwaahh's ghost, amateur TeAE


Innate Abilities, Weirdness & Mutations

You can breathe blasts of fire.
Your fiery red scales are hard. (AC +6)
You cannot fit into any form of body armour.
Your flesh is heat resistant. (rF+)
You are cold-blooded and may be slowed by cold attacks.
You have a pair of antennae on your head.
You have large cloven feet.
You have an increased reservoir of magic. (+10% MP)
You evolve.


Message History

The gnoll sergeant hits you but does no damage.
Your skin crawls.
You feel resistant to hostile enchantments.
You are feeling hungry.
You hit the gnoll.
Your tail-slap misses the gnoll.
The gnoll is severely wounded.
The gnoll sergeant hits you from afar with a +0 trident.
* * * LOW HITPOINT WARNING * * *
The gnoll hits you.
* * * LOW HITPOINT WARNING * * *
You barely miss the gnoll.
The gnoll is severely wounded.
The gnoll hits you from afar with a +0 spear!
* * * LOW HITPOINT WARNING * * *
The gnoll closely misses you.
The gnoll sergeant hits you but does no damage.
The gnoll throws a boomerang.
The boomerang closely misses you.
The weapon returns to the gnoll!
The gnoll throws a boomerang.
The boomerang hits you.
You die...

######..# #....#..# ..#
#....#..# ..# +#....#..
..##### ........% ....#..
.......g# ....... ......gg#
.......... {#(## ##..........
#g{# ####@.........# #..#
#.#...........###
##..###g##..........#.##
#....(gg{........##....##
.....(...g##g.......#......
###..(.(..##..............
.......####..###........#####
#.....(#_#...#_#.........##.##
##.....#.##.##.#.>.......))...


You could see a gnoll.

Vanquished Creatures
  An ogre (D:4)
  A centaur (D:5)
  A wolf (D:5)
  A gnoll sergeant (D:5)
  A howler monkey (D:3)
  2 crimson imps
  2 bullfrog skeletons
  2 hounds (D:4)
  2 orc priests (D:5)
  An orc wizard (D:5)
  3 gnoll shamans (D:5)
  Terence (D:3)
  4 worker ants
  9 adders
  11 gnolls (D:5)
  A shadow imp (D:4)
  2 worms
  4 leopard geckos
  12 orcs
  2 ball pythons
  3 giant cockroaches
  8 goblins
  7 hobgoblins
  8 jackals (D:5)
  2 quokkas (D:4)
  4 bats
  9 frilled lizards
  5 kobolds (D:1)
  A quokka skeleton (D:5)
  6 rats
116 creatures vanquished.

Notes
Turn   | Place    | Note
-------+----------+-------------------------------------------
     0 | D:1      | splitbrain the Draconian Berserker began the quest for the
                  | Orb.
     0 | D:1      | Reached XP level 1. HP: 19/19 MP: 1/1
   165 | D:1      | Reached XP level 2. HP: 20/26 MP: 2/2
   180 | D:1      | Gained mutation: You evolve. [potion of mutation]
   180 | D:1      | Gained mutation: You have a pair of small antennae on your
                  | head. [potion of mutation]
   180 | D:1      | Gained mutation: You have a pair of antennae on your head.
                  | [potion of mutation]
   849 | D:1      | Reached ** piety under Trog
   962 | D:2      | Reached XP level 3. HP: 33/33 MP: 3/3
  1120 | D:2      | Gained mutation: You have large cloven feet. [evolution]
  2010 | D:3      | Reached skill level 4 in Maces & Flails
  2010 | D:3      | Reached XP level 4. HP: 40/40 MP: 4/4
  2085 | D:3      | Noticed Terence
  2121 | D:3      | Killed Terence
  2121 | D:3      | Reached XP level 5. HP: 22/46 MP: 5/5
  2152 | D:3      | Reached skill level 5 in Maces & Flails
  2703 | D:4      | Found an iron altar of Okawaru.
  2709 | D:4      | Found a transporter.
  2709 | D:4      | Noticed Skippwaahh's ghost (amateur TeAE)
  3005 | D:4      | Reached XP level 6. HP: 51/53 MP: 6/6
  3126 | D:4      | Found a transporter.
  3230 | D:4      | Reached skill level 6 in Maces & Flails
  3271 | D:4      | Reached skill level 5 in Fighting
  3271 | D:4      | Reached skill level 1 in Stealth
  3763 | D:5      | Entered Level 5 of the Dungeon
  3775 | D:5      | Your scales start taking on a fiery red colour.
  3775 | D:5      | Reached XP level 7. HP: 54/61 MP: 7/7
  3775 | D:5      | Gained mutation: Your flesh is heat resistant. (rF+) [Red
                  | Draconian growth]
  4036 | D:5      | Found an ornate altar of the Wu Jian Council.
  4038 | D:5      | Found a blossoming altar of Fedhas.
  4190 | D:5      | Reached *** piety under Trog
  4195 | D:5      | Reached skill level 7 in Maces & Flails
  4712 | D:5      | Reached skill level 1 in Throwing
  4724 | D:5      | Reached XP level 8. HP: 66/69 MP: 8/8
  4847 | D:5      | Found a basalt altar of Yredelemnul.
  4853 | D:5      | Found a snail-covered altar of Cheibriados.
  4859 | D:5      | Found a hazy altar of Hepliaklqana.
  4859 | D:5      | Found a sacrificial altar of Ru.
  4875 | D:5      | Found a shimmering blue altar of Sif Muna.
  4964 | D:5      | Gained mutation: You have an increased reservoir of magic.
                  | (+10% MP) [evolution]
  4976 | D:5      | HP: 1/70 [gnoll/+0 spear (11)]
  4979 | D:5      | Hit by a boomerang thrown by a gnoll

Illustrated notes

Levels and vault maps discovered:
D:1:      lightli_arrival_noodles, layout_basic, minmay_pentomino_s4
D:2:      layout_loops_ring, minmay_misc_feat_rugged
D:3:      layout_loops_cross, grunt_decor_cap, st_stairs_1,
          minmay_pentomino_pile, uniq_terence
D:4:      layout_rooms, okawaru_metal_pillars_1_2, gammafunk_ghost_arena,
          first_ration, nicolae_zen_rock_garden
D:5:      layout_cave_pools, minmay_overflow_temple_star_hex,
          chequers_temple_overflow_statue_of_worship,
          minmay_temple_entry_drinking_statues, serial_gnoll_camp,
          gnoll_camp_mini_hut, gnoll_camp_huts_basic, gnoll_camp_medium_02,
          gnoll_camp_medium_01

Skill      XL: |  1  2  3  4  5  6  7 |
---------------+----------------------+-----
Dodging        | 3 4 |  4.7
Fighting       | 4 5 |  5.6
Maces & Flails | 4 5 6 7 |  7.5
Stealth        | 1 |  1.6
Throwing       | 1 |  1.3

Action                   |  1- 3 |  4- 6 |  7- 9 || total
-------------------------+-------+-------+-------++-------
Melee: Mace              |   117 |   180 |    63 ||   360
       Tailslap          |    12 |    22 |    19 ||    53
       Whip              |       |       |    75 ||    75
Throw: Stone             |       |       |    29 ||    29
       Boomerang         |       |       |    17 ||    17
Invok: Trog's Hand       |       |     1 |     2 ||     3
 Abil: Breathe Fire      |       |       |     2 ||     2
  Use: Scroll            |     5 |     7 |     3 ||    15
       Potion            |     3 |     4 |     2 ||     9
 Stab: Sleeping          |       |     2 |       ||     2
  Eat: Chunk             |     3 |     6 |     2 ||    11
       Ration            |       |     1 |       ||     1
Armor: Skin              |    30 |    46 |    62 ||   138
Dodge: Dodged            |    77 |   111 |   139 ||   327
